 Dungeon Crawl Stone Soup version 0.32-a0-42-ga30500b4d3 (webtiles) character file.

Game seed: 12333734901823100824

196 Newt the Cudgeller (level 5, -2/34 HPs)
             Began as a Gargoyle Monk on Jan 31, 2024.
             Killed by divine providence
             ... invoked by an orc priest
              (15 damage)
             ... on level 4 of the Dungeon.
             The game lasted 00:01:42 (1921 turns).

Newt the Cudgeller (Gargoyle Monk)                  Turns: 1921, Time: 00:01:42

Health: -2/34      AC: 10    Str: 17    XL:     5   Next: 74%
Magic:  5/5        EV: 10    Int: 10    God:
Gold:   129        SH:  0    Dex: 12    Spells: 4/4 levels left

rFire   . . .        f - +1 mace (heavy)
rCold   . . .        d - orb {light}
rNeg    + . .        n - +0 scale mail
rPois   ∞            (no helmet)
rElec   +            (no cloak)
rCorr   .            (no gloves)
SInv    .            (no boots)
Will    .....        (no amulet) Stlth
                     i - ring of flight
HPRegen 0.25/turn    (no ring)
MPRegen 0.09/turn

%: no passive effects
@: flying, glowing
A: sickness immunity, AC +4, negative energy resistance 1, electricity
resistance, torment resistance 1, petrification resistance
a: no special abilities


You were on level 4 of the Dungeon.
You visited 1 branch of the dungeon, and saw 4 of its levels.

You collected 129 gold pieces.

Inventory:

Hand Weapons
 a - a +0 mace of protection
 f - a +1 heavy mace (weapon)
Missiles
 g - 13 poisoned darts (quivered)
Armour
 b - a +0 robe
 d - an orb of light (worn)
 n - a +0 scale mail (worn)
Jewellery
 i - a ring of flight (left hand)
Scrolls
 e - a scroll of teleportation
Potions
 c - a potion of ambrosia
 h - a potion of lignification
 j - a potion of mutation
 k - 2 potions of heal wounds
 l - a potion of curing {unknown}
 m - a potion of resistance {unknown}


   Skills:
 + Level 4.7 Fighting
 * Level 5.3 Maces & Flails
 - Level 2.4 Dodging


You had 4 spell levels left.
You didn't know any spells.
Your spell library was empty.

Dungeon Overview and Level Annotations

Branches:
Dungeon (4/15)
 Temple: D:4-7

Altars:
Makhleb
Trog


Innate Abilities, Weirdness & Mutations

You are immune to sickness and miasma.
Your stone body is resilient. (AC +4)
You are immune to poison.
You resist negative energy. (rN+)
You are resistant to electric shocks. (rElec)
You are resistant to unholy torment.
You are immune to petrification.


Message History

Found a stone staircase leading down.
There is a stone staircase leading up here.
A ball python comes into view.
A ball python is nearby!
The ball python bites you but does no damage.
The ball python completely misses you. The ball python misses you.
The ball python closely misses you.
You sock the ball python!
You kill the ball python!
No target in view!
No target in view!
A giant cockroach comes into view.
An orc comes into view. It is wielding a +0 whip.
The orc shouts!
You hear a shout! x3
The orc moves out of view.
An orc wizard comes into view. It is wielding a +0 dagger.
An orc comes into view.
It is wielding a +0 short sword. x2 2 orc priests come into view.
The orc priest shouts!
The orc shouts!
You hear a shout!
The orc wizard casts a spell at you.
The puff of flame hits you but does no damage.
An ogre comes into view. It is wielding a +0 giant club.
You see here 17 gold pieces.
An endoplasm, a ribbon worm and a goblin come into view.
The ogre shouts!
The orc priest mumbles some strange prayers to Beogh against you.
Beogh smites you!
You sock the orc wizard!
You kill the orc wizard!
The orc priest hits you but does no damage.
The orc priest mumbles some strange prayers to Beogh against you.
Beogh smites you! The orc barely misses you.
The orc hits you but does no damage.
Unknown command.
The orc attacks as it pursues you! The orc barely misses you.
The orc hits you but does no damage.
You see here 17 gold pieces.
The orc priest mumbles some strange prayers to Beogh against you.
Beogh smites you!
You die...

###...##
###......###
..........#####
#.._.........
#..........## #
#....⌠.......
#.##.........#
#........o_o####.#
####....@oo)B....#
#...#...#oO....#
#<..##.##......#
#.>.##.........#
###.#####..w...#
#.# ......# #.#
....... .. .#.#.##
..


You could see an ogre, 2 orc priests, 3 orcs and a giant cockroach.

Vanquished Creatures
  A scorpion (D:2)
  A hound (D:2)
  3 orc wizards
  A dart slug (D:3)
  3 orcs (D:2)
  2 endoplasms (D:1)
  A giant cockroach (D:1)
  A goblin (D:2)
  4 hobgoblins
  A kobold (D:3)
  2 quokkas
  5 ball pythons
  2 bats (D:2)
  2 frilled lizards (D:3)
  3 rats
32 creatures vanquished.

Notes
Turn   | Place    | Note
-------+----------+-------------------------------------------
     0 | D:1      | Newt the Gargoyle Monk began the quest for the Orb.
     0 | D:1      | Reached XP level 1. HP: 14/14 MP: 1/1
   283 | D:1      | Reached XP level 2. HP: 19/19 MP: 2/2
   997 | D:2      | Noticed a scorpion
  1003 | D:2      | Killed a scorpion
  1004 | D:2      | Reached skill level 4 in Maces & Flails
  1004 | D:2      | Reached XP level 3. HP: 13/24 MP: 3/3
  1004 | D:2      | Reached XP level 4. HP: 16/29 MP: 4/4
  1120 | D:2      | Reached XP level 5. HP: 29/34 MP: 5/5
  1348 | D:2      | Reached skill level 5 in Maces & Flails
  1907 | D:4      | Found a burning altar of Makhleb.
  1907 | D:4      | Found a bloodstained altar of Trog.
  1917 | D:4      | Noticed an ogre
  1921 | D:4      | Killed from afar by an orc priest

Illustrated notes

Levels and vault maps discovered:
D:1:      matt_arrival_spirals, layout_loops_ring
D:2:      layout_basic, serial_park_tiny_pond
D:3:      layout_rooms
D:4:      layout_loops_cross, mainiacjoe_overflow_cross_hatched,
          lemuel_zombie_altar_yredelemnul, ashenzari_conservatory_becter,
          grunt_temple_overflow_open

Skill      XL: |  1  2  3  4  5 |
---------------+----------------+-----
Fighting       | 4 |  4.7
Maces & Flails | 4 5 |  5.3
Dodging        | |  2.4

Action                     |  1- 3 |  4- 6 || total
---------------------------+-------+-------++-------
  Melee: Mace              |    39 |    30 ||    69
    Use: Scroll            |     3 |     6 ||     9
         Potion            |       |     2 ||     2
 Armour: Robe              |    18 |    25 ||    43
         Scale mail        |       |     5 ||     5
  Dodge: Dodged            |    23 |    27 ||    50

Table legend: (Time is in decaauts)
 A = Elapsed time spent in this place.
 B = Non-inter-level travel time spent in this place.
 C = Inter-level travel time spent in this place.
 D = Time resting spent in this place.
 E = Time spent auto-exploring this place.
 F = Levels seen in this place.
 G = Mean time per level.
                   A        B        C        D        E       F      G
               +--------+--------+--------+--------+--------+-----+--------+
         Total |   1961 |   1891 |     70 |    208 |   1411 |   4 |  490.2 |
       Dungeon |   1961 |   1891 |     70 |    208 |   1411 |   4 |  490.2 |
               +--------+--------+--------+--------+--------+-----+--------+

Top non-repeatable levels by time:
     D:1: 801 daAuts
     D:2: 709 daAuts
     D:3: 435 daAuts
     D:4: 14 daAuts
